 Dungeon Crawl Stone Soup version 0.20-a0-396-g1af7820 (webtiles) character file.

95 FitzyFitz the Slasher (level 4, 0/33 HPs)
             Began as a Frog Gladiator on Jan 6, 2017.
             Slain by a phantom (2 damage)
             ... on level 4 of the Dungeon on Jan 7, 2017.
             The game lasted 00:04:06 (2294 turns).

FitzyFitz the Slasher (Frog Gladiator)              Turns: 2294, Time: 00:04:06

Health: 0/33       AC:  7    Str: 14    XL:     4   Next: 65%
Magic:  4/4        EV: 11    Int:  6    God:
Gold:   79         SH:  0    Dex: 11    Spells: 3/3 levels left

rFire  . . .     SeeInvis .     a - +0 long sword
rCold  + . .     Gourm    .     o - +1 ring mail {rPois}
rNeg   . . .     Faith    .     (no shield)
rPois  +         Spirit   .     c - +0 helmet
rElec  .         Reflect  .     (no cloak)
rCorr  .         Harm     .     (no gloves)
MR     .....                    (no boots)
Stlth  +.........               (no amulet)
                                (no ring)
                                p - ring of protection from cold

@: slow
A: swims, slowness 1, strong legs 1
a: Hop


You were on level 4 of the Dungeon.
You were hungry.

You visited 1 branch of the dungeon, and saw 4 of its levels.

You collected 79 gold pieces.

Inventory:

Hand Weapons
 a - a +0 long sword (weapon)
 q - a +0 hunting sling
Missiles
 d - 3 throwing nets (quivered)
 n - 41 stones
Armour
 c - a +0 helmet (worn)
 o - a +1 ring mail of poison resistance (worn)
Jewellery
 p - a ring of protection from cold (left hand)
Scrolls
 b - a scroll of random uselessness {unknown}
 i - 2 scrolls of blinking {unknown}
 j - 3 scrolls of remove curse {unknown}
 k - 2 scrolls of teleportation {unknown}
 l - a scroll of magic mapping {unknown}
 m - a scroll of recharging {unknown}
 r - a scroll of enchant weapon {unknown}
 s - a scroll of identify {unknown}
Potions
 e - a potion of berserk rage {unknown}
Comestibles
 f - 2 bread rations
 g - a meat ration
 h - a beef jerky
 t - 4 chunks of flesh


   Skills:
 - Level 2.1 Fighting
 + Level 5.7 Long Blades
 - Level 1.7 Throwing
 - Level 3.0 Dodging


You had 3 spell levels left.
You didn't know any spells.

Dungeon Overview and Level Annotations

Branches:
Dungeon (4/15)
 Temple: D:4-7

Altars:
Trog


Innate Abilities, Weirdness & Mutations

You can swim through water.
You cover ground slowly.
You can hop short distances.


Message History

There is a stone staircase leading up here.
The phantom hits you. The phantom barely misses you.
You riposte.
You barely miss the phantom. The phantom hits you.
The phantom blinks!
The phantom hits you. The phantom hits you.
* * * LOW HITPOINT WARNING * * *
The phantom closely misses you. The phantom hits you.
* * * LOW HITPOINT WARNING * * *
The phantom blinks!
The phantom blinks!
The phantom closely misses you. The phantom closely misses you.
The phantom closely misses you. The phantom hits you.
* * * LOW HITPOINT WARNING * * *
The phantom hits you.
You die...

............#
............#
............
...........#
...........#
#..........#
#......W.#
#....@..#
###....##
####.# ##


You could see a phantom.

Vanquished Creatures
  2 oozes (D:1)
  2 worms
  A dart slug (D:2)
  5 leopard geckos
  5 orcs
  7 bats
  2 giant cockroaches (D:2)
  6 goblins
  10 hobgoblins
  3 jackals
  7 kobolds
  A quokka (D:2)
  2 frilled lizards
  9 rats
62 creatures vanquished.

Notes
Turn   | Place    | Note
-------+----------+-------------------------------------------
     0 | D:1      | FitzyFitz the Frog Gladiator began the quest for the Orb.
     0 | D:1      | Reached XP level 1. HP: 16/16 MP: 1/1
    43 | D:1      | Reached XP level 2. HP: 14/22 MP: 2/2
    45 | D:1      | Reached skill level 4 in Long Blades
   491 | D:1      | Reached XP level 3. HP: 26/27 MP: 3/3
  1229 | D:2      | Reached skill level 5 in Long Blades
  1401 | D:2      | Found a bloodstained altar of Trog.
  1414 | D:2      | Reached XP level 4. HP: 33/33 MP: 4/4
  2266 | D:4      | Noticed a phantom
  2293 | D:4      | HP: 1/33 [phantom (5)]
  2294 | D:4      | Slain by a phantom

Vault maps used:
D:1:      tarquinn_simple_flora_water_e, serial_aquarium,
          aquarium_bridge_square, aquarium_window_fake,
          aquarium_window_corridor_3, aquarium_window_fake, aquarium_view_2f,
          aquarium_view_2f, corexii_leaking_fountain, minmay_misc_feat_encased,
          hangedman_decor_lopped, grunt_decor_mini_mirrors, minmay_domino_4
D:2:      st_stairs_6, trog_butcher_becter
D:3:      chequers_ecumenical_altar_simple_redux, uniq_iyjb
D:4:      nrook_uturn

Skill      XL: |  1  2  3 |
---------------+----------+-----
Long Blades    | 4 5 |  5.7
Fighting       | |  2.1
Throwing       | |  1.7
Dodging        | |  3.0

Action                   |  1- 3 |  4- 6 || total
-------------------------+-------+-------++-------
Melee: Long sword        |   102 |   106 ||   208
 Stab: Sleeping          |     1 |       ||     1
  Eat: Chunk             |     2 |     3 ||     5
Armor: Leather armour    |    33 |     9 ||    42
       Ring mail         |       |    35 ||    35
Dodge: Dodged            |    74 |    83 ||   157
       Rpst.: Long sword |    27 |    23 ||    50
